AoeStats
← [GG] Shevchenko 7

Arena

505625184Analyzed
1v1 RM · 23d ago on Sep 10, 2026· 46m 39s· 2 players
Game mode
Random Map
Map size
Tiny (2 player)
Population
200
Speed
Normal
Resources
Standard
Victory
Conquest
Starting age
Dark Age
Ending age
Imperial Age
RankedLock teamsTeams togetherTeam positionsShared explorationLock speedFull tech treeHidden civsTurbo modeCheats
Victory
Defeat
🇮🇳 Turks · India
1174
+15
🇧🇷 Portuguese · Brazil
1151
-15
[GG] Shevchenko 7
9:53 Feudal Age
8:49 Loom
14:12 Castle Age
13:52 Double-Bit Axe
24:12 Sanctity
25:16 Redemption
25:53 Fletching
32:21 Imperial Age
32:06 Scale Barding Armor
32:24 Light Cavalry
33:37 Bloodlines
34:07 Husbandry
34:24 Forging
34:58 Chain Barding Armor
35:04 Bloodlines
36:01 Iron Casting
36:33 Wheelbarrow
36:12 Bloodlines
37:01 Plate Barding Armor
38:04 Chemistry
37:41 Husbandry
37:45 Scale Mail Armor
38:51 Chain Mail Armor
40:22 Blast Furnace
lodhaaashish
11:48 Feudal Age
16:07 Castle Age
15:00 Double-Bit Axe
14:57 Horse Collar
16:27 Loom
17:54 Fletching
27:00 Imperial Age
28:48 Bow Saw
30:04 Padded Archer Armor
33:36 Leather Archer Armor
34:30 Scale Barding Armor
37:07 Forging
37:48 Bloodlines
41:09 Heavy Camel Rider
42:45 Artillery
46:05 Chain Barding Armor
Connection lost

Rejoining the realm…

Still unreachable

The connection could not be restored.

Session expired

The server has moved on; the page needs a fresh start.